 Dungeon Crawl Stone Soup version 0.29.1-15-g9cfb28693d (webtiles) character file.

Game seed: 11560364812620357752

2180 H0rd4k the Ducker (level 9, 0/60 (69) HPs)
             Began as a Human Artificer on Apr 25, 2023.
             Slain by a wight
             ... wielding a +0 dire flail
              (8 damage)
             ... on level 6 of the Dungeon.
             The game lasted 00:07:45 (5628 turns).

H0rd4k the Ducker (Human Artificer)                 Turns: 5628, Time: 00:07:46

HP:   0/60 (69)     AC:  5    Str: 13    XL:     9   Next: 58%
MP:   9/9           EV: 14    Int: 15    God:
Gold: 389           SH:  0    Dex: 14    Spells: 8/8 levels left

rFire   . . .      SeeInvis .   v - +0 dagger (venom)
rCold   . . .      Faith    .   (no shield)
rNeg    . . .      Spirit   .   b - +0 leather armour
rPois   .          Reflect  .   (no helmet)
rElec   .          Harm     .   (no cloak)
rCorr   .          Rampage  .   h - +0 pair of gloves
Will    .....                   t - +0 pair of boots
Stlth   ++........              f - amulet of regeneration
HPRegen 1.00/turn               (no ring)
MPRegen 0.11/turn               (no ring)

@: heavily drained
A: no striking features
a: no special abilities


You were on level 6 of the Dungeon.
You visited 1 branch of the dungeon, and saw 7 of its levels.

You collected 389 gold pieces.

Inventory:

Hand Weapons
 v - a +0 dagger of venom (weapon)
 B - a +4 short sword
Missiles
 d - 2 curare-tipped darts
 z - 3 poisoned darts
Armour
 b - a +0 leather armour (worn)
 h - a +0 pair of gloves (worn)
 t - a +0 pair of boots (worn)
Magical Staves
 A - a staff of death
Jewellery
 f - an amulet of regeneration (around neck)
Wands
 e - a wand of iceblast (6)
 w - a wand of paralysis (8)
Scrolls
 g - 6 scrolls of teleportation {unknown}
 i - 2 scrolls of brand weapon {unknown}
 j - 3 scrolls of vulnerability {unknown}
 k - 4 scrolls of identify {unknown}
 l - 2 scrolls of fear {unknown}
 m - 2 scrolls of enchant armour {unknown}
 n - a scroll of silence {unknown}
 p - a scroll of noise {unknown}
 q - a scroll of fog {unknown}
 s - a scroll of amnesia {unknown}
 u - 2 scrolls of torment {unknown}
 y - 2 scrolls of blinking {unknown}
Potions
 a - a potion of mutation {unknown}
 c - 2 potions of curing
 o - 2 potions of haste
 r - a potion of ambrosia {unknown}
 x - a potion of might {unknown}


   Skills:
 + Level 5.7 Fighting
 + Level 4.6 Short Blades
 - Level 0.2 Maces & Flails
 - Level 2.0 Armour
 + Level 6.5 Dodging
 + Level 4.3 Stealth
 + Level 6.2 Evocations


You had 8 spell levels left.
You didn't know any spells.
Your spell library contained the following spells:

 Spells                   Type           Power      Damage    Failure   Level
 Summon Small Mammal      Summ           0%         N/A       34%         1
 Call Canine Familiar     Summ           0%         N/A       71%         3
 Stone Arrow              Conj/Erth      0%         3d7       71%         3
 Summon Guardian Golem    Hex/Summ       0%         N/A       71%         3
 Animate Armour           Summ/Erth      0%         N/A       98%         4
 Lehudib's Crystal Spear  Conj/Erth      0%         10d2      100%        8


Dungeon Overview and Level Annotations

Branches:
Dungeon (7/15)
 Temple: D:4-7

Altars:
Makhleb
Sif Muna

Shops:
D:2 ?

Annotations:
D:3 3 runed translucent doors, exclusions: 3 doors and downstairs, engelados's ghost, amateur DECj; mpzz's ghost, weakling FoFi
D:5 exclusion: 2 downstairs


Message History

The wight is moderately damaged.
The wight misses you.
You hit the wight but do no damage.
The wight is moderately damaged.
You hit the wight.
The wight is moderately damaged.
The wight misses you.
You barely miss the wight.
The wight is moderately damaged.
The wight hits you with a +0 dire flail!
You feel drained.
You hit the wight but do no damage.
The wight is moderately damaged.
The wight hits you with a +0 dire flail!
You feel drained.
You barely miss the wight.
The wight is moderately damaged.
You hit the wight but do no damage.
The wight is moderately damaged.
The wight hits you with a +0 dire flail!
* * * LOW HITPOINT WARNING * * *
You hit the wight but do no damage.
The wight is moderately damaged.
The wight misses you.
You hit the wight.
The wight is heavily damaged.
The wight hits you with a +0 dire flail!
* * * LOW HITPOINT WARNING * * *
You closely miss the wight.
The wight is heavily damaged.
You hit the wight.
The wight is heavily damaged.
The wight closely misses you.
You closely miss the wight.
The wight is heavily damaged.
The wight closely misses you.
You hit the wight.
The wight is severely damaged.
The wight hits you with a +0 dire flail!
You die...

......)...#################
#########.##..............#
##### #..>...###......z...#
....# #.#.#### #.#######..#
###.# #.#.# #.# ..# # # #.# #.#
..# ## #)# #.# z.# ##...## #.#
#z# ..# ..........######@# .z#
##...##..........# z..
###.########.# ###.########.#
............#########.
##.####.#.#[........#.# #.#
######...##.###.########.#.# #.#
#..........## ##..# ####.#.###.#
#.####...##.###.#.###.......##.#


You could see a wight.

Vanquished Creatures
  3 yaks
  A steam dragon (D:6)
  2 black bears
  An ogre (D:6)
  A centaur (D:7)
  3 phantoms (D:5)
  2 scorpions
  2 necrophages
  A wight (D:6)
  2 hounds
  3 orc priests
  2 jellies (D:5)
  3 iguanas
  7 gnolls
  5 adders
  A shadow imp (D:5)
  3 ufetubi
  A worm (D:5)
  2 dart slugs (D:1)
  8 orcs
  2 endoplasms (D:2)
  3 giant cockroaches
  5 goblins
  6 hobgoblins
  2 jackals (D:1)
  8 kobolds
  2 quokkas
  7 ball pythons
  3 bats
  3 frilled lizards
  3 rats (D:2)
97 creatures vanquished.

Vanquished Creatures (collateral kills)
  A black bear (D:7)
  A phantom (D:7)
  2 orc priests (D:3)
  3 orcs
7 creatures vanquished.

Vanquished Creatures (others)
  A bullfrog (D:7)
  A necrophage (D:7)
  A hound (D:7)
  An orc wizard (D:7)
  An ufetubus (D:7)
  6 withered plants (D:3)
11 creatures vanquished.

Grand Total: 115 creatures vanquished

Notes
Turn   | Place    | Note
-------+----------+-------------------------------------------
     0 | D:1      | H0rd4k the Human Artificer began the quest for the Orb.
     0 | D:1      | Reached XP level 1. HP: 15/15 MP: 1/1
   249 | D:1      | Reached XP level 2. HP: 21/21 MP: 2/2
   665 | D:1      | Found a faded altar of an unknown god.
   781 | D:2      | Reached XP level 3. HP: 26/26 MP: 3/3
   939 | D:2      | Reached XP level 4. HP: 32/32 MP: 4/4
  1185 | D:2      | Found Ufafam's Magic Scroll Shoppe.
  2020 | D:3      | Reached XP level 5. HP: 37/37 MP: 5/5
  2156 | D:3      | Found a runed translucent gate.
  2156 | D:3      | Found a runed translucent gate.
  2156 | D:3      | Found a runed translucent gate.
  2159 | D:3      | Noticed mpzz's ghost (weakling FoFi)
  2159 | D:3      | Noticed engelados's ghost (amateur DECj)
  2762 | D:4      | Noticed a black bear
  2765 | D:4      | Killed a black bear
  2766 | D:4      | Reached XP level 6. HP: 46/46 MP: 6/6
  2865 | D:4      | You fall into a shaft and drop 3 floors!
  2890 | D:7      | Noticed a sky beast
  2896 | D:7      | Noticed a black bear
  2908 | D:7      | Killed a black bear
  2909 | D:7      | Reached skill level 5 in Evocations
  2909 | D:7      | Reached XP level 7. HP: 10/52 MP: 7/7
  2996 | D:6      | Noticed a yak
  2996 | D:6      | Noticed a yak
  2996 | D:6      | Noticed a yak
  3003 | D:5      | Entered Level 5 of the Dungeon
  3144 | D:5      | Reached skill level 1 in Short Blades
  3144 | D:5      | Reached XP level 8. HP: 27/60 MP: 8/8
  3589 | D:3      | HP: 1/57 [poisoned by a scorpion]
  4203 | D:5      | Reached skill level 5 in Dodging
  4553 | D:5      | Found a shimmering blue altar of Sif Muna.
  4564 | D:5      | Found a burning altar of Makhleb.
  4787 | D:5      | Killed a yak
  4788 | D:5      | Reached XP level 9. HP: 58/67 MP: 9/9
  4822 | D:5      | Reached skill level 5 in Fighting
  4991 | D:6      | HP: 3/68 [black bear (1)]
  5628 | D:6      | Slain by a wight

Illustrated notes

Levels and vault maps discovered:
D:1:      dpeg_arrival_castle, layout_basic,
          shapermc_ecumenical_altar_mp_vishouse, chequers_serial_rivers_micro_a
D:2:      layout_basic, serial_shops, nicolae_shop_advertising_works
          [nicolae_subvault_shop_adworks], minmay_goblin_kobold_house
D:3:      cheibrodos_pilgrimage, layout_loops_cross, gammafunk_ghost_cemetery
D:4:      layout_gridville
D:5:      layout_loops_ring, amethyst_overflow_temple_binary, st_stairs_2
D:6:      layout_loops_ring
D:7:      layout_basic, temple_green, small_statue_intersection

Skill      XL: |  1  2  3  4  5  6  7  8  9 |
---------------+----------------------------+-----
Evocations     | 4 5 6 |  6.2
Dodging        | 2 3 4 5 6 |  6.5
Stealth        | 2 3 4 |  4.3
Fighting       | 2 3 4 5 |  5.7
Short Blades   | 1 3 4 |  4.6
Maces & Flails | |  0.2
Armour         | |  2.0

Action                   |  1- 3 |  4- 6 |  7- 9 || total
-------------------------+-------+-------+-------++-------
Melee: Club              |    87 |   106 |       ||   193
       Punch             |     1 |     2 |     9 ||    12
       Mace              |       |    12 |       ||    12
       Dagger            |       |    19 |   430 ||   449
Evoke: Wand              |     7 |    20 |    14 ||    41
  Use: Potion            |       |     1 |     2 ||     3
 Stab: Sleeping          |     2 |     2 |     1 ||     5
       Paralysed         |       |       |     3 ||     3
Armor: Leather armour    |    28 |    62 |    73 ||   163
Dodge: Dodged            |    78 |   132 |   238 ||   448
